 Dungeon Crawl Stone Soup version 0.21.1-1-g345015f (webtiles) character file.

42 suicidejoker the Shooter (level 3, -1/25 HPs)
             Began as an Octopode Hunter on Apr 21, 2018.
             Slain by a gnoll
             ... wielding a +0 whip
              (2 damage)
             ... on level 2 of the Dungeon.
             The game lasted 00:01:34 (972 turns).

suicidejoker the Shooter (Octopode Hunter)           Turns: 972, Time: 00:01:34

Health: -1/25      AC:  1    Str: 12    XL:     3   Next: 56%
Magic:  3/3        EV: 13    Int: 13    God:
Gold:   71         SH:  0    Dex: 12    Spells: 2/2 levels left

rFire    . . .     SeeInvis +   b - +0 short sword
rCold    . . .     Gourm    .   (no shield)
rNeg     . . .     Faith    .   (helmet restricted)
rPois    .         Spirit   .   (no amulet)
rElec    .         Reflect  .   n - ring of see invisible
rCorr    .         Harm     .   (no ring)
MR       .....                  (no ring)
Stlth    +++.......             (no ring)
HPRegen  0.08/turn              (no ring)
MPRegen  0.08/turn              (no ring)
                                (no ring)
                                (no ring)

@: hasted, very quick
A: almost no armour, stealthy swim, amphibious, 8 rings, constrict 8, camouflage
1, gelatinous body 1
a: no special abilities


You were on level 2 of the Dungeon.
You were not hungry.

You visited 1 branch of the dungeon, and saw 2 of its levels.

You collected 71 gold pieces.

Inventory:

Hand Weapons
 a - a +1 shortbow
 b - a +0 short sword (weapon)
Missiles
 c - 4 arrows
 e - 20 sling bullets
 i - 32 poisoned needles
 p - 42 stones (quivered)
 q - 26 bolts
Jewellery
 n - a ring of see invisible (left tentacle)
Scrolls
 f - a scroll of fear {unknown}
 g - 2 scrolls of identify {unknown}
 h - a scroll of blinking {unknown}
 k - a scroll of amnesia {unknown}
 l - 3 scrolls of enchant armour {unknown}
 m - a scroll of fog {unknown}
 r - a scroll of noise {unknown}
 s - a scroll of remove curse {unknown}
Potions
 j - a potion of haste
 o - a potion of curing {unknown}
Comestibles
 d - 4 rations


   Skills:
 + Level 2.4 Fighting
 * Level 4.5 Bows
 + Level 2.4 Dodging
 + Level 2.4 Stealth


You had 2 spell levels left.
You didn't know any spells.

Dungeon Overview and Level Annotations

Branches:
Dungeon (2/15)

Altars:


Innate Abilities, Weirdness & Mutations

You cannot wear most types of armour.
You are very stealthy in the water. (Stealth+)
You are amphibious.
You can wear up to eight rings at the same time.
You can use your tentacles to constrict eight enemies at once.
Your skin changes colour to match your surroundings (Stealth+).
Your rubbery body absorbs attacks. (AC +1, EV +1)


Message History

You are too injured to fight recklessly!
b - a +0 short sword (weapon)
You hit the gnoll. You grab the gnoll.
The gnoll is moderately wounded.
You constrict the gnoll. The gnoll hits you but does no damage.
You hit the gnoll but do no damage.
The gnoll is moderately wounded.
You constrict the gnoll. The gnoll closely misses you.
The gnoll completely misses you.
You completely miss the gnoll.
The gnoll is moderately wounded.
You constrict the gnoll.
The gnoll hits you from afar with a spear!
* * * LOW HITPOINT WARNING * * *
The gnoll misses you.
It was a potion of haste.
You feel yourself speed up.
You constrict the gnoll.
The gnoll hits you from afar with a spear.
* * * LOW HITPOINT WARNING * * *
The gnoll hits you with a whip.
You die...

#####......#..##
##.#.......##
#....##.#..#
#....###.##.#
......## #.##.#
..#####.#
#.##.### #.#
#.##...# #..
#.####.# ###
#..gg@.#
......g####
.....(. .......
...(... (((.###
.... ..(


You could see 3 gnolls.

Vanquished Creatures
  2 adders (D:2)
  An ooze (D:1)
  A leopard gecko (D:1)
  A ball python (D:2)
  4 bats (D:2)
  A giant cockroach (D:2)
  2 hobgoblins (D:1)
  3 kobolds (D:1)
  4 frilled lizards
  A goblin (D:1)
  A rat (D:1)
21 creatures vanquished.

Notes
Turn   | Place    | Note
-------+----------+-------------------------------------------
     0 | D:1      | suicidejoker the Octopode Hunter began the quest for the Orb.
     0 | D:1      | Reached XP level 1. HP: 14/14 MP: 1/1
    58 | D:1      | Reached XP level 2. HP: 19/19 MP: 2/2
   666 | D:2      | Reached XP level 3. HP: 25/25 MP: 3/3
   972 | D:2      | HP: 1/25 [gnoll/spear (3)]
   972 | D:2      | Slain by a gnoll

Skill      XL: |  1  2 |
---------------+-------+-----
Stealth        | 2 |  2.4
Fighting       | |  2.4
Bows           | |  4.5
Dodging        | |  2.4

Action                   || total
-------------------------++-------
Melee: Short sword       ||     6
       Constrict         ||     1
 Fire: Shortbow          ||    53
  Use: Potion            ||     1
 Stab: Sleeping          ||     1
Dodge: Dodged            ||    14
